[Event "Team 45 45 League T69"]
[Site "Internet Chess Club"]
[Date "2016.07.16"]
[Round "6"]
[White "Fianchettoed"]
[Black "clarinetref"]
[Result "1/2-1/2"]
[WhiteElo "1632"]
[BlackElo "1566"]
[Opening "Neo-Grünfeld, 6.O-O"]
[ECO "D77"]
[Time "14:10:09"]
[TimeControl "2700+45"]

1. Nf3 Nf6 2. g3 g6 3. Bg2 Bg7 4. O-O O-O 5. d4 d5 6. c4 e6 7. Nc3 c6 8. b3 b6
9. Bb2 Bb7 10. Nd2 dxc4 11. Nxc4 Nbd7 12. Nd6 Qc7 13. Nxb7 Qxb7 14. Rc1 Nd5 15.
e4 Nxc3 16. Bxc3 Rfd8 17. Qc2 Rac8 18. Rfd1 Qc7 19. Qb2 c5 20. dxc5 Bxc3 21.
Qxc3 Qxc5 22. Qb2 Qe5 23. Rxc8 Rxc8 24. Qxe5 Nxe5 25. f4 {Game drawn by mutual
agreement} 1/2-1/2

[Event "Team 45 45 League T69"]
[Site "Internet Chess Club"]
[Date "2016.07.15"]
[Round "6"]
[White "tryanything"]
[Black "Toalla"]
[Result "1-0"]
[WhiteElo "1580"]
[BlackElo "1280"]
[Opening "Queen's pawn game, Darooha variation "]
[ECO "D02"]
[Time "18:02:24"]
[TimeControl "2700+45"]

1. d4 d5 2. Nf3 Nf6 3. c4 e6 4. e3 c5 5. Nc3 Nc6 6. cxd5 exd5 7. Be2 Be7 8. O-O
O-O 9. dxc5 Bxc5 10. Nd4 Ne5 11. h3 a6 12. a3 b5 13. b4 Ba7 14. Bb2 Bb7 15. Rc1
Rc8 16. Na2 Rxc1 17. Qxc1 Nc4 18. Bf3 Qd7 19. Nc3 Ne5 20. Be2 Rc8 21. Rd1 Ne4
22. Qa1 Nxc3 23. Bxc3 Bxd4 24. Bxd4 f6 25. Bxe5 fxe5 26. Bg4 {Black resigns} 1-0

[Event "Team 45 45 League T69"]
[Site "Internet Chess Club"]
[Date "2016.07.15"]
[Round "6"]
[White "otherook"]
[Black "santiagoelawad"]
[Result "1/2-1/2"]
[WhiteElo "1781"]
[BlackElo "1999"]
[Opening "English, 1...Nf6 (Anglo-Indian defense)"]
[ECO "A15"]
[Time "11:07:05"]
[TimeControl "2700+45"]

1. c4 Nf6 2. g3 c6 3. Bg2 d5 4. cxd5 cxd5 5. Nf3 Nc6 6. O-O Bf5 7. d3 e6 8. b3
h6 9. Bb2 Be7 10. Nd4 Nxd4 11. Bxd4 O-O 12. Nd2 b6 13. Nf3 Rc8 14. Rc1 Nd7 15.
Rxc8 Qxc8 16. Qc1 Bd6 17. Qb2 f6 18. Rc1 Qb8 19. Nh4 Bg4 20. Qd2 Rc8 21. Bf3
Bxf3 22. Nxf3 Rxc1+ 23. Qxc1 Qc7 24. Qxc7 Bxc7 25. h4 h5 26. Kg2 Kf7 27. Bc3 e5
28. Ne1 Ke6 29. Nc2 a5 30. Na3 Bd8 31. Nb5 Nc5 32. f3 Nb7 33. Bd2 Kd7 34. g4 g6
35. g5 Nd6 36. Nxd6 Kxd6 37. f4 Ke6 38. e3 e4 39. d4 Kf5 40. Kh3 Be7 41. a4 Bd6
42. Be1 Ba3 43. Bd2 Bb2 44. Kg3 Ba3 45. Kh3 Bd6 46. Be1 Ke6 47. Kg2 Bc7 48. Bd2
Kf5 49. Kh3 Bd6 {Game drawn by repetition} 1/2-1/2

[Event "Team 45 45 League T69"]
[Site "Internet Chess Club"]
[Date "2016.07.16"]
[Round "6"]
[White "Kandor"]
[Black "kingphisch"]
[Result "1-0"]
[WhiteElo "1252"]
[BlackElo "1468"]
[Opening "Caro-Kann: classical variation"]
[ECO "B18"]
[Time "13:00:29"]
[TimeControl "2700+45"]

1. e4 c6 2. d4 d5 3. Nc3 dxe4 4. Nxe4 Bf5 5. Bd3 Bxe4 6. Bxe4 Nf6 7. Bf3 e6 8.
Ne2 Nbd7 9. O-O Bd6 10. Bf4 Bxf4 11. Nxf4 Qc7 12. Nh5 Nxh5 13. Bxh5 O-O 14. Qf3
Nf6 15. Rae1 Rad8 16. Rd1 Rd5 17. Bg4 Rfd8 18. c3 Qd7 19. Bh3 c5 20. Rd3 Qb5 21.
Qe2 cxd4 22. cxd4 Nd7 23. Bg4 Ne5 24. Rb3 Qxe2 25. Bxe2 Rxd4 26. Rxb7 Rd2 27.
Ba6 Nc6 28. Rc1 Ne5 29. h3 Kf8 30. f4 Ng6 31. Rcc7 Kg8 32. Rxf7 Nf8 33. Rxg7+
Kh8 34. Rxa7 Rxb2 35. Bc4 Rbd2 36. Rae7 R2d4 37. Bb5 Rxf4 38. Be8 Rf6 39. Bf7
Ng6 40. Bxg6 hxg6 41. Rh7+ Kg8 42. Reg7+ Kf8 43. Re7 Re8 44. Rc7 e5 45. Rh8#
{Black checkmated} 1-0

[Event "Team 45 45 League T69"]
[Site "Internet Chess Club"]
[Date "2016.07.18"]
[Round "6"]
[White "Bizzy-Ketty"]
[Black "zepled37"]
[Result "0-1"]
[WhiteElo "1577"]
[BlackElo "1710"]
[Opening "Sicilian: Alapin's variation (2.c3)"]
[ECO "B22"]
[Time "18:34:09"]
[TimeControl "2700+45"]

1. e4 c5 2. c3 d5 3. exd5 Qxd5 4. d4 Nc6 5. Nf3 Bg4 6. Be2 cxd4 7. cxd4 e6 8.
Be3 Nf6 9. Nc3 Qa5 10. O-O Be7 11. h3 Bh5 12. Rc1 O-O 13. Qb3 Qb4 14. Qxb4 Nxb4
15. a3 Nbd5 16. Bd2 Rac8 17. Rc2 a6 18. Re1 Ne4 19. Ne5 Bxe2 20. Rxe2 Nexc3 21.
Bxc3 Bxa3 22. bxa3 Rxc3 23. Rxc3 Nxc3 24. Rc2 Nd5 25. Nd7 Rd8 26. Nc5 Rc8 27.
Rb2 b6 28. Nxa6 Rc4 29. Nb4 Nxb4 30. Rxb4 Rxb4 31. axb4 b5 32. Kf1 Kf8 33. Ke2
Ke7 34. Ke3 Kd6 35. Kd2 f6 36. f4 h5 37. h4 f5 38. g3 Kd5 39. Kd3 g6 40. Ke3 Kc4
41. Kd2 Kxd4 42. Ke2 Kc4 43. Ke3 Kxb4 44. Kd4 Ka3 45. Kc3 b4+ 46. Kc2 Ka2 47.
Kc1 b3 {White resigns} 0-1

[Event "Team 45 45 League T69"]
[Site "Internet Chess Club"]
[Date "2016.07.18"]
[Round "6"]
[White "justice02"]
[Black "sohamjoshi"]
[Result "1-0"]
[WhiteElo "1636"]
[BlackElo "1585"]
[Opening "Réti opening"]
[ECO "A54"]
[Time "20:32:46"]
[TimeControl "2700+45"]

1. Nf3 d6 2. d4 Nf6 3. c4 Nbd7 4. Nc3 e5 5. d5 Be7 6. Qc2 c6 7. e4 O-O 8. Be2
Qc7 9. h4 h5 10. Bg5 Nb6 11. Rd1 Bg4 12. b3 cxd5 13. Bxf6 Bxf6 14. exd5 Rfe8 15.
Ne4 Qe7 16. Nxf6+ Qxf6 17. Ng5 Bf5 18. Ne4 Bxe4 19. Qxe4 g6 20. Rd3 Qe7 21. Rg3
Nd7 22. Bxh5 Nf6 23. Qe2 Nxh5 24. Qxh5 Kg7 25. Qg4 e4 26. h5 Qf6 27. O-O Rh8 28.
hxg6 Qxg6 29. Qd7 Qxg3 30. fxg3 Rhf8 31. Qxd6 Rae8 32. Qf6+ Kg8 33. Rf4 e3 34.
Rg4+ Kh7 35. Qg7# {Black checkmated} 1-0

[Event "Team 45 45 League T69"]
[Site "Internet Chess Club"]
[Date "2016.07.16"]
[Round "6"]
[White "viktory"]
[Black "GoIrish"]
[Result "1-0"]
[WhiteElo "1664"]
[BlackElo "1507"]
[Opening "King's Indian: 4.e4"]
[ECO "E70"]
[Time "13:02:49"]
[TimeControl "2700+45"]

1. d4 Nf6 2. c4 g6 3. Nc3 Bg7 4. e4 d6 5. Bd3 O-O 6. Nge2 Nc6 7. O-O e5 8. d5
Ne7 9. Rb1 Ne8 10. b4 f5 11. exf5 gxf5 12. f4 e4 13. Bc2 Ng6 14. Be3 Nf6 15. h3
Nh5 16. Qe1 Bd7 17. c5 a5 18. bxa5 Rxa5 19. cxd6 cxd6 20. Bb6 Qa8 21. Bxa5 Qxa5
22. Rxb7 Bc8 23. Rb5 Qa7+ 24. Qf2 Qc7 25. Rb3 Ba6 26. Rc1 Bh6 27. g3 Qe7 28. Nd4
Bc8 29. Ra3 Qg7 30. Kh1 Nxg3+ 31. Qxg3 Bxf4 32. Qxf4 Qxd4 33. Qf1 Ne5 34. Qg1+
Qxg1+ 35. Rxg1+ Kh8 36. Ra7 Ng6 37. h4 e3 38. h5 f4 39. hxg6 hxg6 40. Bxg6 f3
41. Rh7+ Kg8 42. Bf5# {Black checkmated} 1-0

[Event "Team 45 45 League T69"]
[Site "Internet Chess Club"]
[Date "2016.07.14"]
[Round "6"]
[White "idjit"]
[Black "Goli"]
[Result "0-1"]
[WhiteElo "1512"]
[BlackElo "1820"]
[Opening "Robatsch (modern) defense"]
[ECO "B06"]
[Time "13:17:38"]
[TimeControl "2700+45"]

1. e4 g6 2. d4 Bg7 3. Nc3 d6 4. Be3 a6 5. Qd2 b5 6. f3 Nc6 7. O-O-O h6 8. f4 Nf6
9. h3 b4 10. e5 bxc3 11. Qxc3 Bb7 12. exf6 Bxf6 13. Bc4 Qc8 14. Qb3 O-O 15. Qd3
Na5 16. Qxg6+ Bg7 17. Qd3 Nxc4 18. Qxc4 Bxg2 19. Rh2 Be4 20. Ne2 Qb7 {White
resigns} 0-1

[Event "Team 45 45 League T69"]
[Site "Internet Chess Club"]
[Date "2016.07.19"]
[Round "6"]
[White "Egmont"]
[Black "QuieroAprender"]
[Result "1-0"]
[WhiteElo "1685"]
[BlackElo "1597"]
[Opening "QGA: 3.Nf3"]
[ECO "D21"]
[Time "12:06:19"]
[TimeControl "2700+45"]

1. d4 d5 2. c4 dxc4 3. Nf3 c5 4. Qa4+ Nc6 5. dxc5 Qa5+ 6. Qxa5 Nxa5 7. e4 Bg4 8.
Ne5 Be6 9. Na3 O-O-O 10. Nexc4 Nxc4 11. Bxc4 Bxc4 12. Nxc4 f6 13. Be3 e5 14. O-O
Ne7 15. Nd6+ {Black resigns} 1-0

[Event "Team 45 45 League T69"]
[Site "Internet Chess Club"]
[Date "2016.07.17"]
[Round "6"]
[White "Zugzwanged"]
[Black "HappySong"]
[Result "1-0"]
[WhiteElo "1672"]
[BlackElo "1540"]
[Opening "French: Tarrasch, open variation, main line"]
[ECO "C09"]
[Time "10:00:49"]
[TimeControl "2700+45"]

1. e4 e6 2. d4 d5 3. Nd2 c5 4. exd5 exd5 5. Ngf3 Nc6 6. Bb5 Bd6 7. dxc5 Bxc5 8.
O-O Ne7 9. Nb3 Bd6 10. Re1 O-O 11. Bg5 a6 12. Be2 Bf5 13. Nbd4 Bg6 14. c3 Rc8
15. Bd3 Re8 16. Bxg6 hxg6 17. Bxe7 Rxe7 18. Qd3 Qd7 19. Rxe7 Qxe7 20. Re1 Qd7
21. h3 Re8 22. Rxe8+ Qxe8 23. Qe2 Qe4 24. Qxe4 dxe4 25. Nxc6 exf3 26. Nd4 fxg2
27. Kxg2 Kf8 28. Kf3 Ke7 29. Ke4 g5 30. Nf5+ Kd7 31. Nxg7 b5 32. Kd5 f6 33. b3
Bf8 34. Ne6 Be7 35. Nc5+ Bxc5 36. Kxc5 Kc7 37. c4 bxc4 38. bxc4 f5 39. f3 f4 40.
a3 Kc8 41. Kb6 {Black resigns} 1-0

[Event "Team 45 45 League T69"]
[Site "Internet Chess Club"]
[Date "2016.07.13"]
[Round "6"]
[White "tightfist"]
[Black "pokerram"]
[Result "1/2-1/2"]
[WhiteElo "1513"]
[BlackElo "1598"]
[Opening "English opening"]
[ECO "A05"]
[Time "19:02:38"]
[TimeControl "2700+45"]

1. Nf3 Nf6 2. c4 g6 3. g3 Bg7 4. Bg2 c6 5. Nc3 O-O 6. O-O d5 7. cxd5 cxd5 8. d4
Nc6 9. Qb3 e6 10. Bg5 h6 11. Bf4 a6 12. Rfd1 Na5 13. Qc2 Nc6 14. Qd2 Kh7 15. Ne5
Nh5 16. Nxc6 bxc6 17. Be3 f5 18. f4 Nf6 19. Qc2 Bd7 20. Na4 Ne4 21. Nc5 Nxc5 22.
Qxc5 Rf7 23. b4 Bf8 24. Qc3 Rb8 25. a3 Be8 26. Rab1 Rfb7 27. Qc2 a5 28. bxa5
Qxa5 29. Rxb7+ Rxb7 30. Rb1 Rxb1+ 31. Qxb1 Qxa3 32. Qb7+ Qe7 33. Qa8 Bg7 34. Kf2
Qd7 35. Qa3 Qc7 36. Qc5 Kg8 37. Bd2 Bf8 38. Qc3 Bg7 39. Qb4 Kf7 40. e3 Bf8 41.
Qc3 c5 42. dxc5 Qxc5 43. Qb2 Bb5 44. Bf3 Qc4 45. Qb1 Bg7 46. Qe1 d4 47. exd4
Bxd4+ 48. Kg2 Bc6 49. Bxc6 Qxc6+ 50. Kh3 Qf3 51. Ba5 g5 52. fxg5 hxg5 53. Bd8
g4+ 54. Kh4 Qg2 55. Kg5 Qd5 56. Bc7 Bf6+ 57. Kh5 f4+ 58. Kxg4 Qf5+ 59. Kf3 fxg3+
60. Kxg3 Qd3+ 61. Kg4 Qg6+ 62. Kf3 Qh5+ 63. Kg2 Qd5+ 64. Kg3 Qd3+ 65. Kf4 Qc4+
66. Qe4 Bg5+ 67. Kf3 Qxe4+ 68. Kxe4 Bf6 69. Be5 Bg5 70. Kf3 Kg6 71. Kg4 Bf6 72.
Kf4 Bxe5+ 73. Kxe5 Kh5 74. Kxe6 Kh4 75. Kf5 Kh3 76. Kf4 Kxh2 {Game drawn because
neither player has mating material} 1/2-1/2

[Event "Team 45 45 League T69"]
[Site "Internet Chess Club"]
[Date "2016.07.16"]
[Round "6"]
[White "Elton2013"]
[Black "qingjoshua"]
[Result "0-1"]
[WhiteElo "1741"]
[BlackElo "1663"]
[Opening "Grünfeld: exchange, classical variation"]
[ECO "D87"]
[Time "12:00:16"]
[TimeControl "2700+45"]

1. d4 Nf6 2. c4 g6 3. Nc3 d5 4. cxd5 Nxd5 5. e4 Nxc3 6. bxc3 Bg7 7. Bc4 c5 8.
Be3 O-O 9. Ne2 Nc6 10. O-O Qc7 11. Qc1 Rd8 12. Rd1 a6 13. a4 Bd7 14. Rb1 Na5 15.
Ba2 Bxa4 16. Rd2 cxd4 17. Nxd4 b5 18. Qa3 e5 19. Nf3 Rxd2 20. Bxd2 Bf8 21. Qb2
Nc4 22. Bxc4 Qxc4 23. Nxe5 Qxe4 24. Nd7 Bg7 25. Re1 Qc2 26. Qxc2 Bxc2 27. Nc5 a5
28. g4 Rd8 29. Re2 Bd1 30. Nb7 Bxe2 31. Nxd8 Bf3 32. h3 Bf6 33. c4 b4 34. Nxf7
Kxf7 35. c5 b3 36. Bc1 b2 37. Bxb2 Bxb2 38. Kh2 a4 39. Kg3 Bc6 40. f4 a3 41. f5
gxf5 42. gxf5 a2 43. h4 a1=Q 44. h5 Qg1+ 45. Kf4 Bc1+ 46. Ke5 Qe3+ 47. Kd6 Qe4
48. h6 Bf4# {White checkmated} 0-1

[Event "Team 45 45 League T69"]
[Site "Internet Chess Club"]
[Date "2016.07.17"]
[Round "6"]
[White "anishio"]
[Black "ausya"]
[Result "0-1"]
[WhiteElo "1647"]
[BlackElo "1680"]
[Opening "Sicilian: Hungarian variation"]
[ECO "B34"]
[Time "11:30:30"]
[TimeControl "2700+45"]

1. e4 c5 2. Nf3 g6 3. d4 cxd4 4. Nxd4 Nc6 5. Be3 Bg7 6. Nc3 Nf6 7. Qd2 Ng4 8.
Nxc6 bxc6 9. Bd4 O-O 10. Bxg7 Kxg7 11. Bc4 d6 12. O-O Nf6 13. Rad1 Bb7 14. Bb3
Qa5 15. f3 Rad8 16. Rfe1 Rfe8 17. Kh1 e5 18. Qg5 h6 19. Qg3 Nh5 20. Qf2 d5 21.
Ne2 Nf6 22. Ng3 d4 23. Qe2 c5 24. Qc4 Re7 25. Qa4 Qxa4 26. Bxa4 c4 27. Bb5 Rc7
28. b3 cxb3 29. cxb3 Rdc8 30. Bc4 Nd7 31. Re2 Nb6 32. Bd3 Rc3 33. Red2 Nd7 34.
Ne2 R3c7 35. h3 Nc5 36. Bc4 Ba6 37. Bxa6 Nxa6 38. Kg1 Kf6 39. Ng3 Ke6 40. Kf2
Rc1 41. Ke2 Kd6 42. h4 h5 43. Nh1 R1c5 44. Nf2 Ke6 45. Nd3 Rc2 46. g3 R8c3 47.
Rxc2 Rxc2+ 48. Rd2 Rc3 49. Rb2 Nc5 50. Nxc5+ Rxc5 51. Rd2 Rc3 52. Rd3 Rc6 53.
Kd2 f5 54. a4 Rc7 55. b4 Rc4 56. Rb3 Kd6 57. a5 Rc8 58. b5 Rb8 59. exf5 gxf5 60.
Kd3 Kd5 61. b6 e4+ 62. Ke2 axb6 63. Rb5+ Kc4 64. Rxb6 Rd8 65. Rf6 d3+ 66. Kd2
e3+ 67. Kd1 e2+ 68. Kd2 Re8 69. Rc6+ Kb3 70. Rc1 e1=Q+ 71. Rxe1 Rxe1 72. Kxe1
Kc2 73. a6 d2+ 74. Kf2 d1=Q {White resigns} 0-1

[Event "Team 45 45 League T69"]
[Site "Internet Chess Club"]
[Date "2016.07.15"]
[Round "6"]
[White "julesraider"]
[Black "tuantuan"]
[Result "1-0"]
[WhiteElo "1594"]
[BlackElo "1612"]
[Opening "Grünfeld: modern exchange variation"]
[ECO "D85"]
[Time "18:20:06"]
[TimeControl "2700+45"]

1. d4 Nf6 2. c4 g6 3. Nc3 d5 4. cxd5 Nxd5 5. e4 Nxc3 6. bxc3 Bg7 7. Nf3 c5 8.
Rb1 O-O 9. Be2 Nc6 10. d5 Bxc3+ 11. Bd2 Bxd2+ 12. Qxd2 Na5 13. Qh6 f6 14. h4 Qe8
15. h5 Bd7 16. e5 Bf5 17. Rc1 b6 18. Nh4 fxe5 19. hxg6 Bxg6 20. Nxg6 Qxg6 21.
Qe3 Qxg2 22. Kd2 Qxf2 23. Rcg1+ Kh8 24. Qxe5+ Qf6 25. Rxh7+ Kxh7 26. Qh5+ {Black
resigns} 1-0

[Event "Team 45 45 League T69"]
[Site "Internet Chess Club"]
[Date "2016.07.14"]
[Round "6"]
[White "arnav07"]
[Black "MartyJR"]
[Result "1-0"]
[WhiteElo "1570"]
[BlackElo "1438"]
[Opening "Sicilian: Nimzovich-Rossolimo attack (with ...g6, without ...d6)"]
[ECO "B31"]
[Time "21:00:37"]
[TimeControl "2700+45"]

1. e4 c5 2. Nf3 Nc6 3. Bb5 g6 4. Bxc6 bxc6 5. d3 Bg7 6. Nbd2 Nf6 7. O-O O-O 8.
Re1 d6 9. Nc4 d5 10. Ncd2 Bg4 11. c3 Rb8 12. h3 Bc8 13. e5 Nd7 14. d4 cxd4 15.
cxd4 c5 16. dxc5 Nxc5 17. b3 Qb6 18. Nf1 e6 19. Be3 Qb5 20. Rc1 Nd3 21. Nd4 Qa6
22. Rc6 Nb2 23. Rxa6 Nxd1 24. Rxa7 Nxe3 25. Rxe3 Rb7 26. Rxb7 Bxb7 27. Ng3 Rc8
28. Re1 Bf8 29. Nge2 Bb4 30. Rc1 Ra8 31. a4 Ba6 32. Rc6 Bd3 33. Kh2 Kg7 34. Kg3
h5 35. f3 Rb8 36. Nf4 Bb1 37. Kf2 Rb7 38. Ke2 Kh6 39. Rc1 Bf5 40. g4 g5 41. gxf5
gxf4 42. fxe6 fxe6 43. Nxe6 Rb6 44. Nxf4 Ba3 45. Rc3 Bb2 46. Nxd5 Re6 47. Re3
Bc1 48. Re4 Kg5 49. Kd1 Bb2 50. Kc2 Ba3 51. Kc3 Kf5 52. Re1 Rc6+ 53. Kd3 Bb2 54.
Ne7+ {Black resigns} 1-0

[Event "Team 45 45 League T69"]
[Site "Internet Chess Club"]
[Date "2016.07.18"]
[Round "6"]
[White "swagnik"]
[Black "searchforbobby1"]
[Result "1-0"]
[WhiteElo "1936"]
[BlackElo "1970"]
[Opening "Sicilian: closed"]
[ECO "B23"]
[Time "20:00:20"]
[TimeControl "2700+45"]

1. e4 c5 2. Nc3 a6 3. f4 b5 4. a3 Bb7 5. d3 g6 6. Nf3 Bg7 7. Bd2 e6 8. g3 Ne7 9.
Bg2 O-O 10. O-O d5 11. e5 Nbc6 12. Qe1 Nf5 13. Ne2 h5 14. Qf2 Qe7 15. c3 Na5 16.
Rab1 Nb3 17. Be3 Rfd8 18. d4 cxd4 19. Nexd4 Nxe3 20. Qxe3 Nxd4 21. Nxd4 a5 22.
Nxb5 Ba6 23. a4 Bxb5 24. axb5 Rab8 25. c4 dxc4 26. Bc6 Qb4 27. Qc3 Rd3 28. Qxb4
axb4 29. Rfd1 Rb3 30. Rdc1 h4 31. g4 g5 32. fxg5 Bxe5 33. Rxc4 Bc7 34. g6 fxg6
35. Re4 Bb6+ 36. Kh1 Kf7 37. Rf1+ Ke7 38. Rfe1 Rxb2 39. Rxe6+ Kf7 40. Be8+ Kf8
41. Rf6+ Kg7 42. Rxg6+ Kf8 43. Rf6+ Kg7 44. Rf7+ Kg8 45. Rf5 Rd8 46. Bf7+ Kg7
47. Bc4 Rd7 48. Ref1 b3 49. Bd5 Re7 50. R5f3 Bc7 51. Rf7+ Rxf7 52. Rxf7+ Kh6 53.
Rxc7 Rb1+ 54. Kg2 b2 55. Be4 Re1 56. Bf5 Re5 57. Rh7+ Kg5 58. Rh5+ Kf4 59. Bb1
Re2+ 60. Kh3 Rd2 61. b6 {Black resigns} 1-0

[Event "Team 45 45 League T69"]
[Site "Internet Chess Club"]
[Date "2016.07.15"]
[Round "6"]
[White "Monterrey"]
[Black "SlimeDog2"]
[Result "0-1"]
[WhiteElo "2013"]
[BlackElo "2066"]
[Opening "Grünfeld: modern exchange variation"]
[ECO "D85"]
[Time "21:01:24"]
[TimeControl "2700+45"]

1. d4 Nf6 2. c4 g6 3. Nc3 d5 4. cxd5 Nxd5 5. e4 Nxc3 6. bxc3 Bg7 7. Nf3 c5 8.
Be3 Qa5 9. Qd2 O-O 10. Rc1 cxd4 11. cxd4 Qxd2+ 12. Kxd2 Nc6 13. d5 Rd8 14. Ke1
Na5 15. Nd4 e6 16. Nb5 Bd7 17. Nc7 Rac8 18. Bxa7 Bb2 19. Rc2 Ba3 20. Ke2 exd5
21. exd5 Bf5 22. Rc3 Bb4 23. Rc1 Rd7 24. Bb6 Re7+ 25. Kf3 h5 26. Bb5 Bg4+ 27.
Kg3 Bd6+ 28. f4 Bxc7 29. Rxc7 Rexc7 30. Bxa5 Rc5 31. a4 Rxd5 32. Re1 Bd7 33.
Bxd7 Rxd7 34. Bb6 Rd2 35. Re7 Rc3+ 36. Kh4 Rxg2 37. h3 Rc4 38. Bc7 Kg7 {White
resigns} 0-1

[Event "Team 45 45 League T69"]
[Site "Internet Chess Club"]
[Date "2016.07.13"]
[Round "6"]
[White "ChessHouston"]
[Black "chsrules88"]
[Result "1-0"]
[WhiteElo "1886"]
[BlackElo "2010"]
[Opening "Ruy Lopez: Schliemann defense"]
[ECO "C63"]
[Time "21:32:32"]
[TimeControl "2700+45"]

1. e4 e5 2. Nf3 Nc6 3. Bb5 f5 4. d3 fxe4 5. dxe4 d6 6. Nc3 Nf6 7. h3 Be7 8. Qe2
Bd7 9. Be3 a6 10. Bd3 O-O 11. Bc4+ Kh8 12. Ng5 Qe8 13. O-O-O b5 14. Be6 h6 15.
h4 Bd8 16. Bxd7 Qxd7 17. Nd5 Nxd5 18. exd5 Bxg5 19. hxg5 Ne7 20. gxh6 g6 21. g4
Kh7 22. Bg5 Ng8 23. Rhf1 Rae8 24. f3 Qf7 25. Qd3 Nf6 26. c4 bxc4 27. Qxc4 Nd7
28. Kb1 Nc5 29. Rc1 Rb8 30. Be3 Rb5 31. f4 Rfb8 32. fxe5 Rxb2+ 33. Ka1 Qe8 34.
Bxc5 dxc5 35. Qf4 Re2 36. Rce1 Rbb2 37. Rxe2 Rxe2 38. Qf7+ Qxf7 39. Rxf7+ Kxh6
40. e6 Re5 41. Rd7 Kg5 42. Kb2 Kxg4 43. e7 Kf5 44. Rxc7 Kf6 45. d6 Kf7 46. Rc8
{Black resigns} 1-0

[Event "Team 45 45 League T69"]
[Site "Internet Chess Club"]
[Date "2016.07.17"]
[Round "6"]
[White "room-matt"]
[Black "achessman"]
[Result "1/2-1/2"]
[WhiteElo "1834"]
[BlackElo "1925"]
[Opening "Caro-Kann: classical variation"]
[ECO "B18"]
[Time "09:36:33"]
[TimeControl "2700+45"]

1. e4 c6 2. d4 d5 3. Nc3 dxe4 4. Nxe4 Bf5 5. Ng3 Bg6 6. Bc4 e6 7. N1e2 Bd6 8.
Nf4 Qc7 9. Nxg6 hxg6 10. Qf3 Nf6 11. Bg5 Nbd7 12. O-O-O Qa5 13. Bd2 Qc7 14. Bg5
Nd5 15. c3 Bf4+ 16. Bxf4 Qxf4+ 17. Qxf4 Nxf4 18. Rdg1 b5 19. Ne2 Nxg2 20. Bxe6
Nh4 21. Bb3 Nf6 22. Rg3 Nf5 23. Rg2 Kf8 24. Bc2 Re8 25. Kd1 Ne4 26. Rhg1 Nh4 27.
Bxe4 Rxe4 28. Rg3 Nf5 29. R3g2 Reh4 30. Rh1 Rh3 31. Ng1 R3h5 32. Nf3 Nh4 33.
Nxh4 Rxh4 34. Kc2 Ke7 35. Kb3 a5 36. a4 R8h5 37. axb5 cxb5 38. f3 Rh3 39. Rf2
Kf6 40. f4 Kf5 41. Re1 f6 42. Re7 Rxh2 43. Rxh2 Rxh2 44. Rxg7 Rf2 45. Rb7 a4+
46. Ka3 Rxf4 47. Rxb5+ Ke6 48. Ra5 g5 49. Rxa4 Kd7 50. Ra7+ Kc6 51. Kb4 Rf5 52.
Kc4 Rf2 53. b3 g4 54. Rg7 f5 55. d5+ Kd6 56. Rg6+ Ke5 57. Kc5 Rd2 58. c4 Kf4 59.
b4 g3 60. d6 g2 61. Kc6 Kf3 62. d7 Kf2 63. Kc7 g1=Q 64. Rxg1 Kxg1 65. d8=Q Rxd8
66. Kxd8 f4 67. b5 f3 68. b6 f2 69. b7 f1=Q 70. b8=Q Qxc4 {Game drawn by mutual
agreement} 1/2-1/2

[Event "Team 45 45 League T69"]
[Site "Internet Chess Club"]
[Date "2016.07.16"]
[Round "6"]
[White "fledermaus"]
[Black "JasonModer"]
[Result "1-0"]
[WhiteElo "1915"]
[BlackElo "1969"]
[Opening "Queen's pawn game, Chigorin variation"]
[ECO "D02"]
[Time "09:01:56"]
[TimeControl "2700+45"]

1. Nf3 d5 2. d4 Nc6 3. Bf4 Nf6 4. e3 Bg4 5. h3 Bxf3 6. Qxf3 e6 7. Nd2 Be7 8. c3
O-O 9. Bd3 h6 10. O-O-O Bd6 11. e4 Bxf4 12. Qxf4 dxe4 13. Nxe4 Nd5 14. Qg3 a5
15. Kb1 a4 16. a3 Qe7 17. Rhe1 Na5 18. Bc2 b5 19. Qd3 Rfb8 20. Nc5 Nf6 21. Re3
Nb7 22. Ne4 Nd5 23. Rf3 f5 24. Nd2 Nd6 25. Re1 g5 26. g4 Nf4 27. Rxf4 gxf4 28.
gxf5 Re8 29. fxe6 Kh8 30. Nf3 Nc4 31. Nh4 Qg7 32. Ka2 Rad8 33. Rg1 Rxe6 34. Rxg7
Kxg7 35. Qh7+ Kf6 36. Qg6+ Ke7 37. Nf5+ Kd7 38. Qf7+ Kc8 39. Qxe6+ {Black
resigns} 1-0

[Event "Team 45 45 League T69"]
[Site "Internet Chess Club"]
[Date "2016.07.14"]
[Round "6"]
[White "komodeo"]
[Black "PolishRyszard"]
[Result "1-0"]
[WhiteElo "1818"]
[BlackElo "1817"]
[Opening "Sicilian: Alapin's variation (2.c3)"]
[ECO "B22"]
[Time "10:00:34"]
[TimeControl "2700+45"]

1. e4 c5 2. c3 g6 3. d4 cxd4 4. cxd4 d5 5. e5 Nc6 6. Nc3 Bg7 7. h3 Nh6 8. Nf3 f6
9. exf6 exf6 10. Bb5 O-O 11. O-O Be6 12. Re1 Re8 13. Bf4 Rc8 14. Qd2 Nf7 15.
Rac1 Nd6 16. Bxd6 Qxd6 17. Na4 b6 18. Ba6 Rcd8 19. Nc3 Bc8 20. Bxc8 Rxc8 21.
Rxe8+ Rxe8 22. Qc2 Rc8 23. Qb3 Ne7 24. a4 Bh6 25. Re1 Kf8 26. Qb5 Qc6 27. Qb4
Rc7 28. Nb5 Rd7 29. h4 Kf7 30. Qb3 Bf8 31. Qe3 a6 32. Qf4 Kg7 33. Rc1 Qe6 34.
Nc7 Qf7 35. Nxa6 Ra7 36. Nc7 Rxa4 37. Qd6 Ra2 38. Ne6+ Kg8 39. Nxf8 Kxf8 40. Re1
Ra8 41. Re6 Rc8 42. Rxf6 Rc6 43. Rxf7+ Kxf7 44. Qf4+ Rf6 45. Ng5+ {Black
resigns} 1-0

[Event "Team 45 45 League T69"]
[Site "Internet Chess Club"]
[Date "2016.07.18"]
[Round "6"]
[White "jonesey"]
[Black "ChessHouston"]
[Result "1-0"]
[WhiteElo "1996"]
[BlackElo "1890"]
[Opening "Pirc: Austrian attack, 6.Bd3"]
[ECO "B09"]
[Time "10:05:53"]
[TimeControl "2700+45"]

1. e4 d6 2. d4 Nf6 3. Nc3 g6 4. f4 Bg7 5. Nf3 O-O 6. Bd3 Bg4 7. h3 Bxf3 8. Qxf3
c6 9. Be3 e5 10. dxe5 dxe5 11. O-O-O Nbd7 12. f5 b5 13. g4 Ne8 14. Kb1 f6 15.
Nxb5 cxb5 16. Bxb5 Rf7 17. fxg6 hxg6 18. Bc4 Qe7 19. g5 Nb6 20. Bb3 Kh7 21. h4
fxg5 22. Bxf7 Bf8 {Black resigns} 1-0

[Event "Team 45 45 League T69"]
[Site "Internet Chess Club"]
[Date "2016.07.15"]
[Round "6"]
[White "LiangLiang"]
[Black "fledermaus"]
[Result "1/2-1/2"]
[WhiteElo "1850"]
[BlackElo "1914"]
[Opening "Sicilian: Scheveningen variation"]
[ECO "B80"]
[Time "13:30:18"]
[TimeControl "2700+45"]

1. e4 c5 2. Nf3 e6 3. d4 cxd4 4. Nxd4 Nf6 5. Nc3 d6 6. Be3 Be7 7. f3 Nc6 8. Qd2
O-O 9. g4 d5 10. g5 Nxd4 11. Bxd4 Nh5 12. f4 dxe4 13. Nxe4 Nxf4 14. Nf6+ gxf6
15. Qxf4 fxg5 16. Rg1 Qa5+ 17. Bc3 Qf5 18. Qd4 e5 19. Qxe5 Qxe5+ 20. Bxe5 Be6
21. Bg2 Bc5 22. Rf1 Rae8 23. Kd2 Bh3 24. Bxh3 Rxe5 25. Rae1 Rd8+ 26. Kc1 Be3+
27. Kb1 Bf4 28. Rxe5 Bxe5 29. Bg2 b6 30. h3 f5 31. c3 Bf4 32. Bb7 Kg7 33. Kc2
Rd2+ 34. Kb3 Rh2 35. Rf3 Kf6 36. Rd3 Bc1 37. Rd6+ Ke5 38. Rh6 g4 39. Rxh7 Rxh3
40. Rxh3 gxh3 41. Kc2 Bg5 42. Kd1 Kf4 43. Ke2 Kg3 44. c4 Bf6 45. b4 Be7 46. b5
Bc5 47. a4 Kh2 48. Kf1 Kg3 49. Ke2 Kh2 {Game drawn by mutual agreement} 1/2-1/2

[Event "Team 45 45 League T69"]
[Site "Internet Chess Club"]
[Date "2016.07.15"]
[Round "6"]
[White "LookImYourVader"]
[Black "platolag"]
[Result "1/2-1/2"]
[WhiteElo "1713"]
[BlackElo "1635"]
[Opening "Caro-Kann: Panov-Botvinnik attack, 5...e6"]
[ECO "B14"]
[Time "17:14:56"]
[TimeControl "2700+45"]

1. e4 c6 2. d4 d5 3. exd5 cxd5 4. c4 e6 5. Nc3 Nf6 6. Nf3 Bb4 7. Bd3 h6 8. O-O
O-O 9. Qe2 Nc6 10. a3 Be7 11. Rd1 a6 12. Bf4 Re8 13. Be5 dxc4 14. Bxc4 b5 15.
Ba2 Bb7 16. Rac1 Na5 17. b4 Nc4 18. Bxc4 bxc4 19. Nd2 a5 20. Qxc4 axb4 21. axb4
Nd5 22. Nxd5 Bxd5 23. Qb5 Bd6 24. Bxd6 Qxd6 25. Nc4 Qf4 26. Ne3 Bb3 27. Rd3 Reb8
28. Qc6 Bd5 29. Nxd5 exd5 30. b5 Ra2 31. Rf3 Qxd4 32. Qc7 Ra1 33. Qxb8+ Kh7 34.
h3 Rxc1+ 35. Kh2 f6 {Game drawn by mutual agreement} 1/2-1/2